 Dungeon Crawl Stone Soup version 0.30-a0-845-g7c6808c8ce (webtiles) character file.

Game seed: 6195669775985783154

354 cforsyth the Sneak (level 6, 0/38 HPs)
             Began as a Kobold Brigand on Mar 3, 2023.
             Was an Initiate of Hepliaklqana.
             Succumbed to a scorpion's poison
             ... on level 5 of the Dungeon.
             The game lasted 00:05:15 (4611 turns).

cforsyth the Sneak (Kobold Brigand)                 Turns: 4611, Time: 00:05:15

Health: 0/38       AC:  5    Str:  8    XL:     6   Next: 94%
Magic:  6/6        EV: 16    Int: 12    God:    Hepliaklqana [......]
Gold:   182        SH:  0    Dex: 19    Spells: 5/5 levels left

rFire   . . .      SeeInvis .    a - +2 dagger
rCold   . . .      Faith    .    (no shield)
rNeg    . . .      Spirit   .    b - +0 robe
rPois   .          Reflect  .    u - +0 helmet
rElec   .          Rampage  .    c - +0 cloak
rCorr   .                        x - +0 pair of gloves
Will    .....                    (no boots)
Stlth   +++++                    (no amulet)
HPRegen 0.26/turn                (no ring)
MPRegen 0.10/turn                (no ring)

@: lethally poisoned (0 -> -18)
A: small, no large weapons, nightstalker 3
a: Renounce Religion


You were on level 5 of the Dungeon.
You worshipped Hepliaklqana.
Hepliaklqana was noncommittal.
You visited 2 branches of the dungeon, and saw 6 of its levels.

You collected 182 gold pieces.

Inventory:

Hand Weapons
 a - a +2 dagger (weapon)
Missiles
 d - 9 poisoned darts (quivered)
 e - 3 curare-tipped darts
Armour
 b - a +0 robe (worn)
 c - a +0 cloak (worn)
 h - a +2 hat
 u - a +0 helmet (worn)
 x - a +0 pair of gloves (worn)
Wands
 s - a wand of mindburst (12)
Scrolls
 g - a scroll of blinking {unknown}
 j - 7 scrolls of identify {unknown}
 l - 5 scrolls of teleportation {unknown}
 p - a scroll of amnesia {unknown}
 r - 2 scrolls of magic mapping {unknown}
 t - a scroll of enchant weapon {unknown}
 v - a scroll of immolation {unknown}
 w - a scroll of enchant armour {unknown}
Potions
 f - 6 potions of curing {unknown}
 i - a potion of mutation {unknown}
 k - 2 potions of berserk rage {unknown}
 m - a potion of lignification {unknown}
 n - 5 potions of might {unknown}
 o - a potion of degeneration {unknown}
 q - a potion of cancellation {unknown}


   Skills:
 + Level 4.1 Fighting
 + Level 5.0 Short Blades
 - Level 2.1 Throwing
 + Level 3.9 Dodging
 + Level 7.1 Stealth


You had 5 spell levels left.
You didn't know any spells.
Your spell library contained the following spells:

 Spells                   Type           Power      Damage    Failure   Level
 Apportation              Tloc           0%         N/A       32%         1
 Alistair's Intoxication  Tmut/Pois      0%         N/A       100%        5


Dungeon Overview and Level Annotations

Branches:
Dungeon (5/15)             Temple (1/1) D:4

Altars:
Ashenzari
Cheibriados
Dithmenos
Elyvilon
Fedhas
Hepliaklqana
Makhleb
Nemelex Xobeh
Qazlal
Ru
Sif Muna
Trog
Uskayaw
Vehumet
Xom
Yredelemnul
Zin
The Shining One


Innate Abilities, Weirdness & Mutations

You are small and have problems with some larger weapons.
You are completely attuned to the shadows.


Message History

You hit the scorpion.
The scorpion is moderately wounded.
You feel sick. The scorpion stings you.
You are more poisoned.
The scorpion poisons you!
You hit the scorpion.
The scorpion is moderately wounded.
You feel very sick. The scorpion completely misses you.
You hit the scorpion but do no damage.
The scorpion is moderately wounded.
You feel very sick. The scorpion closely misses you.
You are too injured to fight recklessly!
You are too injured to fight recklessly!
You are too injured to fight recklessly!
You are too injured to fight recklessly!
You are too injured to fight recklessly!
You are too injured to fight recklessly!
You are too injured to fight recklessly!
You are too injured to fight recklessly!
You hit the scorpion.
The scorpion is heavily wounded.
You feel very sick. The scorpion stings you.
* * * LOW HITPOINT WARNING * * *
You are more poisoned.
The scorpion poisons you!
You hit the scorpion.
The scorpion is severely wounded.
* * * LOW HITPOINT WARNING * * *
You feel very sick.
You hit the scorpion.
The scorpion is almost dead.
* * * LOW HITPOINT WARNING * * *
You feel very sick. The scorpion closely misses you.
You barely miss the scorpion.
The scorpion is almost dead.
You die...

#.#......
#.....#####
#.#......
#..........
#.##....#
#.<...####.
#.##.##.#
#.........
#.<.....#
#.........
###...###
#.........
#...#
#.........
###.#
#.....s...
.#
#..)†@....
#
#.........
######.#.#
.... #.#


You could see a scorpion.

Vanquished Creatures
  2 scorpions
  A hound (D:3)
  An orc priest (D:3)
  An iguana (D:4)
  3 gnolls (D:2)
  4 adders
  4 worms
  A dart slug (D:2)
  5 orcs
  6 ball pythons
  6 endoplasms
  2 giant cockroaches (D:2)
  3 hobgoblins
  5 jackals (D:1)
  10 kobolds
  3 quokkas
  4 bats
  A frilled lizard (D:2)
  4 goblins
  4 rats
70 creatures vanquished.

Notes
Turn   | Place    | Note
-------+----------+-------------------------------------------
     0 | D:1      | cforsyth the Kobold Brigand began the quest for the Orb.
     0 | D:1      | Reached XP level 1. HP: 12/12 MP: 1/1
    64 | D:1      | Reached XP level 2. HP: 5/18 MP: 2/2
   568 | D:1      | Reached XP level 3. HP: 22/22 MP: 3/3
   895 | D:2      | Found a white marble altar of Elyvilon.
   931 | D:2      | Reached XP level 4. HP: 18/27 MP: 4/4
  1190 | D:2      | Reached skill level 6 in Stealth
  1493 | D:3      | Reached XP level 5. HP: 11/32 MP: 5/5
  1854 | D:3      | Found a shimmering altar of Xom.
  3482 | D:4      | Reached XP level 6. HP: 37/37 MP: 6/6
  3498 | D:4      | Found a sparkling altar of Nemelex Xobeh.
  3658 | D:4      | Found a shadowy altar of Dithmenos.
  3905 | D:4      | Found a bloodstained altar of Trog.
  3993 | D:4      | Found a staircase to the Ecumenical Temple.
  3999 | Temple   | Entered the Ecumenical Temple
  4140 | Temple   | Became a worshipper of Hepliaklqana the Forgotten
  4446 | D:4      | Reached skill level 7 in Stealth
  4537 | D:5      | Entered Level 5 of the Dungeon
  4581 | D:5      | Reached skill level 5 in Short Blades
  4611 | D:5      | Succumbed to a scorpion's poison

Illustrated notes

Levels and vault maps discovered:
D:1:      dpeg_arrival_rooms_b, layout_rooms
D:2:      layout_loops_ring, basic_altar
D:3:      layout_loops_cross, nicolae_overflow_crystal_walls, chequers_jeans,
          amcnicky_mini_rare_corridor_liquid
D:4:      layout_rooms, mainiacjoe_overflow_six_doors_small,
          lemuel_crystal_altar, mainiacjoe_overflow_alcove_1,
          minmay_temple_entry_gardened_gates, kennysheep_another_room,
          lightli_corner_chamber
D:5:      layout_loops_cross, serial_shops, nicolae_shop_crystal, uniq_pikel
Temple:   oiseaux_autumnal_temple

Skill      XL: |  1  2  3  4  5  6 |
---------------+-------------------+-----
Short Blades   | 3 4 5 |  5.0
Dodging        | 2 3 |  3.9
Stealth        | 6 7 |  7.1
Fighting       | 3 4 |  4.1
Throwing       | |  2.1

Action                     |  1- 3 |  4- 6 || total
---------------------------+-------+-------++-------
  Melee: Dagger            |    71 |   162 ||   233
         Punch             |       |     1 ||     1
   Stab: Sleeping          |    12 |    25 ||    37
 Armour: Robe              |     9 |    17 ||    26
  Dodge: Dodged            |    41 |    81 ||   122

Table legend: (Time is in decaauts)
 A = Elapsed time spent in this place.
 B = Non-inter-level travel time spent in this place.
 C = Inter-level travel time spent in this place.
 D = Time resting spent in this place.
 E = Time spent auto-exploring this place.
 F = Levels seen in this place.
 G = Mean time per level.
                   A        B        C        D        E       F      G
               +--------+--------+--------+--------+--------+-----+--------+
         Total |   4585 |   4398 |    187 |   1071 |   2704 |   6 |  764.2 |
       Dungeon |   4249 |   4091 |    158 |   1071 |   2414 |   5 |  849.8 |
        Temple |    335 |    307 |     28 |      0 |    290 |   1 |  335.0 |
               +--------+--------+--------+--------+--------+-----+--------+

Top non-repeatable levels by time:
     D:2: 1886 daAuts
     D:3: 865 daAuts
     D:4: 751 daAuts
     D:1: 675 daAuts
  Temple: 335 daAuts
     D:5: 70 daAuts
